 Dungeon Crawl Stone Soup version 0.29.1-15-g9cfb28693d (webtiles) character file.

Game seed: 10730815320577772775

217 protoss039 the Sneak (level 5, 0/26 HPs)
             Began as a Spriggan Enchanter on Mar 13, 2023.
             Constricted to death by a ball python (1 damage)
             ... in a sewer.
             The game lasted 00:05:05 (2802 turns).

protoss039 the Sneak (Spriggan Enchanter)           Turns: 2802, Time: 00:05:05

Health: 0/26       AC:  6    Str: 10    XL:     5   Next: 62%
Magic:  3/11       EV: 15    Int: 17    God:
Gold:   85         SH:  0    Dex: 17    Spells: 2/10 levels left

rFire   . . .      SeeInvis +   r - +7 Throatcutter {drain, coup de grace}
rCold   . . .      Faith    .   (no shield)
rNeg    . . .      Spirit   .   b - +0 robe
rPois   .          Reflect  .   (helmet restricted)
rElec   .          Harm     .   (no cloak)
rCorr   .          Rampage  .   (gloves unavailable)
Will    .....                   (boots unavailable)
Stlth   +++.......              (no amulet)
HPRegen 0.08/turn               e - +4 ring of protection
MPRegen 0.12/turn               m - +6 ring of strength

@: constricted, very quick
A: very small, no large weapons, unfitting armour, see invisible, speed 3
a: no special abilities


You were in a sewer.
You visited 1 branch of the dungeon, and saw 3 of its levels.
You also visited: Sewer.

You collected 85 gold pieces.

Inventory:

Hand Weapons
 a - a +1 dagger
 r - the +7 Throatcutter (weapon) {drain, coup de grace}
   (You took it off Terence on level 3 of the Dungeon)

   A truly terrible weapon, it drains the life of any living foe it strikes.
   It may instantly kill foes which have little health.
Missiles
 l - a throwing net (quivered)
Armour
 b - a +0 robe (worn)
Jewellery
 e - a +4 ring of protection (left hand)
 m - a +6 ring of strength (right hand)
Scrolls
 d - 3 scrolls of teleportation {unknown}
 h - 2 scrolls of blinking {unknown}
 i - a scroll of identify {unknown}
 k - a scroll of noise {unknown}
 o - a scroll of magic mapping {unknown}
 p - a scroll of immolation {unknown}
 q - a scroll of fear {unknown}
Potions
 c - a potion of invisibility
 f - a potion of attraction {unknown}
 j - a potion of flight {unknown}
 n - a potion of mutation {unknown}
 s - a potion of brilliance {unknown}
 t - a potion of degeneration {unknown}


   Skills:
 * Level 1.9 Fighting
 * Level 2.7 Short Blades
 * Level 4.1 Dodging
 + Level 5.1 Stealth
 + Level 3.4 Spellcasting
 + Level 4.2 Hexes
 + Level 1.1 Ice Magic


You had 2 spell levels left.
You knew the following spells:

 Your Spells              Type           Power      Damage    Failure   Level
a - Ensorcelled Hibernat  Hex/Ice        24%        N/A       9%          2
b - Confusing Touch       Hex            17%        N/A       9%          3
c - Tukima's Dance        Hex            17%        N/A       9%          3

Your spell library contained the following spells:

 Spells                   Type           Power      Damage    Failure   Level
 Shock                    Conj/Air       8%         1d3       17%         1
 Dazzling Flash           Conj/Hex       20%        N/A       21%         3


Dungeon Overview and Level Annotations

Branches:
Dungeon (3/15) Zot: 16374   Sewer (1/1) Zot: 5407

Altars:
Cheibriados

Shops:
D:1 :


Innate Abilities, Weirdness & Mutations

You are very small and have problems with some larger weapons.
You are too small for most types of armour.
You have supernaturally acute eyesight. (SInv)
You cover ground extremely quickly. (Speed+++)


Message History

The river rat closely misses you. The ball python closely misses you.
The ball python constricts you. The river rat bites you.
* * * LOW HITPOINT WARNING * * *
The rat closely misses you.
Casting: Ensorcelled Hibernation (safe; 9% risk of failure)
Confirm with . or Enter, or press ? or * to list all spells.
Aiming: Ensorcelled Hibernation (safe; 9% risk of failure)
Press: ? - help, Shift-Dir - straight line, f - river rat
Aim: a river rat (chance to affect: 54%)
The river rat looks drowsy...
The ball python closely misses you. The ball python constricts you.
The rat completely misses you.
Unknown command.
The helpless river rat fails to defend itself.
You hit the river rat.
The river rat is moderately wounded.
The ball python bites you but does no damage.
The ball python constricts you. The rat closely misses you.
The river rat twitches its whiskers.
The river rat bites you.
* * * LOW HITPOINT WARNING * * *
The ball python misses you. The ball python constricts you.
* * * LOW HITPOINT WARNING * * *
Unknown command.
You hit the river rat.
The river rat is severely wounded.
The ball python barely misses you. The ball python constricts you.
The rat barely misses you. The river rat closely misses you.
The ball python misses you. The ball python constricts you.
Unknown command.
You barely miss the river rat.
The river rat is severely wounded.
The rat bites you but does no damage. The river rat misses you.
The ball python bites you but does no damage.
The ball python constricts you. The rat bites you but does no damage.
The river rat barely misses you.
Unknown command.
You hit the river rat.
You kill the river rat!
The ball python barely misses you. The ball python constricts you.
You die...

.# .## ...# ...#
#...# ##...#
################.S..#
~~~≈≈≈≈≈≈~~~≈~.r@†..#
~~~~≈≈~~†~~~~~~..†.##
~~~~~~~..~~~~~~....#
≈~~~~~~[.†≈†~~~....#
≈≈~~~~..~≈≈~~~....##
≈≈≈~~~≈.#≈≈≈≈~..###
#################


You could see a ball python and a rat.

Vanquished Creatures
  Terence (D:3)
  5 adders
  A gnoll (D:1)
  8 river rats (Sewer)
  A worm (D:3)
  4 orcs (D:2)
  6 endoplasms (D:1)
  5 goblins (D:1)
  2 hobgoblins (D:1)
  2 jackals (D:1)
  2 kobolds
  10 ball pythons
  4 bats
  4 frilled lizards
  31 rats
86 creatures vanquished.

Notes
Turn   | Place    | Note
-------+----------+-------------------------------------------
     0 | D:1      | protoss039 the Spriggan Enchanter began the quest for the
                  | Orb.
     0 | D:1      | Reached XP level 1. HP: 9/9 MP: 5/5
   184 | D:1      | Found Kizotim's Book Shoppe.
   253 | D:1      | Reached XP level 2. HP: 14/14 MP: 6/6
   264 | D:1      | Learned a level 2 spell: Ensorcelled Hibernation
   432 | D:1      | Found a faded altar of an unknown god.
   441 | D:1      | Got Plato's Folio of Breath
   621 | D:1      | Reached XP level 3. HP: 17/17 MP: 5/8
   669 | D:1      | Reached skill level 1 in Fighting
  1046 | D:1      | Learned a level 3 spell: Confusing Touch
  1169 | D:2      | Found a snail-covered altar of Cheibriados.
  1432 | D:2      | Reached XP level 4. HP: 21/22 MP: 9/9
  1953 | D:2      | Learned a level 3 spell: Tukima's Dance
  1979 | D:3      | Found a glowing drain.
  1985 | D:3      | Noticed Terence
  2215 | D:3      | Killed Terence
  2223 | Sewer    | Entered a sewer
  2488 | Sewer    | Reached XP level 5. HP: 17/25 MP: 10/10
  2604 | Sewer    | Reached skill level 1 in Ice Magic
  2613 | Sewer    | Reached skill level 5 in Stealth
  2799 | Sewer    | HP: 1/26 [constriction (1)]
  2802 | Sewer    | Constricted to death by a ball python

Illustrated notes

Levels and vault maps discovered:
D:1:      nicolae_arrival_somewhat_less_tricky_arrival, layout_basic,
          serial_shops, nicolae_diamond_shop,
          shapermc_ecumenical_altar_rom_forum
D:2:      layout_loops_ring, basic_altar
D:3:      layout_loops_ring, grunt_gozag_statues, ashenzari_conservatory_becter,
          cheibrodos_sewer_entry_sluice, uniq_robin, uniq_terence
Sewer:    sewer_minmay_w

Skill      XL: |  1  2  3  4  5 |
---------------+----------------+-----
Dodging        | 3 4 |  4.1
Fighting       | 1 |  1.9
Spellcasting   | 3 |  3.4
Short Blades   | 2 |  2.7
Hexes          | 4 |  4.2
Ice Magic      | 1 |  1.1
Stealth        | 5 |  5.1

Action                   |  1- 3 |  4- 6 || total
-------------------------+-------+-------++-------
Melee: Dagger            |    73 |    21 ||    94
       Long sword        |       |    80 ||    80
 Cast: Ensorcelled Hiber |    21 |    23 ||    44
  Use: Potion            |       |     3 ||     3
 Stab: Sleeping          |    20 |    11 ||    31
       Invisible         |       |     5 ||     5
Armor: Robe              |    18 |    38 ||    56
Dodge: Dodged            |    55 |   204 ||   259
